 Dungeon Crawl Stone Soup version 0.28-a0-1227-ga9037bb4c8 (webtiles) character file.

Game seed: 15964976048873819197

60 BinkBink the Grave Robber (level 3, -2/24 HPs)
             Began as a Mummy Necromancer on Dec 22, 2021.
             Slain by a gnoll (5 damage)
             ... on level 2 of the Dungeon.
             The game lasted 00:03:32 (1771 turns).

BinkBink the Grave Robber (Mummy Necromancer)       Turns: 1771, Time: 00:03:33

Health: -2/24      AC:  2    Str: 11    XL:     3   Next: 80%
Magic:  5/8        EV: 12    Int: 16    God:
Gold:   3          SH:  0    Dex: 12    Spells: 9/10 levels left

rFire   x . .      SeeInvis .   (no weapon)
rCold   + . .      Faith    .   (no shield)
rNeg    + + +      Spirit   .   a - +0 robe
rPois   ∞          Reflect  .   (no helmet)
rElec   .          Harm     .   (no cloak)
rCorr   .          Rampage  .   (no gloves)
Will    .....                   (no boots)
Stlth   ++........              (no amulet)
HPRegen 0.08/turn               (no ring)
MPRegen 0.11/turn               (no ring)

@: no status effects
A: cold resistance 1, negative energy resistance 3, torment resistance 2, heat
vulnerability 1, no potions
a: no special abilities


You were on level 2 of the Dungeon.
You visited 1 branch of the dungeon, and saw 2 of its levels.

You collected 3 gold pieces.

Inventory:

Armour
 a - a +0 robe (worn)
Magical Staves
 e - a staff of conjuration
Scrolls
 b - a scroll of enchant weapon {unknown}
 c - 2 scrolls of identify {unknown}
 d - a scroll of blinking {unknown}
 g - a scroll of fog {unknown}


   Skills:
 - Level 1.5 Dodging
 - Level 1.5 Stealth
 + Level 4.1 Spellcasting
 + Level 4.8 Necromancy


You had 9 spell levels left.
You knew the following spells:

 Your Spells              Type           Power      Damage    Failure   Level
a - Pain                  Necr           72%        1d7       2%          1

Your spell library contained the following spells:

 Spells                   Type           Power      Damage    Failure   Level
 Animate Skeleton         Necr           36%        N/A       2%          1
 Vampiric Draining        Necr           18%        2d7       7%          3
 Animate Dead             Necr           9%         N/A       22%         4
 Ensorcelled Hibernation  Hex/Ice        6%         N/A       26%         2
 Agony                    Necr           18%        N/A       54%         5
 Spider Form              Tmut/Pois      Unusable   N/A       N/A         3

Dungeon Overview and Level Annotations

Branches:
Dungeon (2/15)

Altars:


Innate Abilities, Weirdness & Mutations

You are immune to poison.
Your flesh is cold resistant. (rC+)
You are immune to negative energy. (rN+++)
You are immune to unholy pain and torment.
You are vulnerable to heat. (rF-)
You do not drink.


Message History

You can't see any susceptible monsters within range! (Use Z to cast anyway.) Unknown command.
The endoplasm quivers.
The endoplasm writhes in agony!
You kill the endoplasm!
A rat comes into view.
You can't see any susceptible monsters within range! (Use Z to cast anyway.)
The rat writhes in agony.
You kill the rat!
You see here a +0 dagger. 2 gnolls come into view.
A gnoll is wielding a +0 flail of protection.
Found 16 bolts.
The gnoll shouts! x2
A gnoll comes into view. It is wielding a +0 spear.
The gnoll writhes in agony.
The gnoll shouts!
You hear a shout!
The gnoll writhes in agony.
The gnoll writhes in agony!
The gnoll misses you.
The gnoll writhes in agony.
You kill the gnoll!
The gnoll hits you from afar with a +0 spear!
Casting: Pain (safe; 2% risk of failure)
Confirm with . or Enter, or press ? or * to list all spells.
You don't know that spell.
Casting: Pain (safe; 2% risk of failure)
Confirm with . or Enter, or press ? or * to list all spells.
Okay, then.
The gnoll writhes in agony.
The gnoll hits you from afar with a +0 spear!
The gnoll hits you from afar with a +0 spear.
* * * LOW HITPOINT WARNING * * *
As you read the scroll labelled XIOGAN SAUXIY, it crumbles to dust.
It is a scroll of amnesia.
Really abort (and waste the scroll)? [Y]es or [N]o only, please.
Really abort (and waste the scroll)?
Okay, then.
The gnoll hits you from afar with a +0 spear.
You die...

#...##.#####...#####.#
####.#.##...............#
....#...................
##..#..#...............#
#..#.g#.####..........#
#.......# #.....######
#.##.g### #.....# # #†.#
#...(.# #.#.##..#
###@..(.#
#......####g.....##
#.####..)..g.###..#
#.#####.###..#
#.#####......#########
##.##.................#
#...#.##.#.##.#######.####
#.............# #.......#
#........####.# #.##.##.#


You could see 2 gnolls.

Vanquished Creatures
  A gnoll (D:2)
  7 endoplasms
  A giant cockroach (D:2)
  7 goblins (D:1)
  4 hobgoblins
  6 jackals (D:1)
  2 kobolds (D:1)
  2 quokkas (D:1)
  2 ball pythons
  4 bats
  2 frilled lizards
  7 rats
45 creatures vanquished.

Notes
Turn   | Place    | Note
-------+----------+-------------------------------------------
     0 | D:1      | BinkBink the Mummy Necromancer began the quest for the Orb.
     0 | D:1      | Reached XP level 1. HP: 13/13 MP: 4/4
   230 | D:1      | Reached XP level 2. HP: 19/19 MP: 1/6
   890 | D:1      | Reached XP level 3. HP: 24/24 MP: 1/8
  1771 | D:2      | Slain by a gnoll

Illustrated notes

Levels and vault maps discovered:
D:1:      kennysheep_arrival_forest, layout_basic, minmay_indecisive_spiral
D:2:      layout_loops_cross, basic_altar

Skill      XL: |  1  2  3 |
---------------+----------+-----
Spellcasting   | 3 4 |  4.1
Dodging        | |  1.5
Stealth        | |  1.5
Necromancy     | |  4.8

Action                   || total
-------------------------++-------
Melee: Unarmed           ||     2
 Cast: Pain              ||    90
  Use: Scroll            ||     1
Armor: Robe              ||     1
Dodge: Dodged            ||     6

Table legend: (Time is in decaauts)
 A = Elapsed time spent in this place.
 B = Non-inter-level travel time spent in this place.
 C = Inter-level travel time spent in this place.
 D = Time resting spent in this place.
 E = Time spent auto-exploring this place.
 F = Levels seen in this place.
 G = Mean time per level.
                   A        B        C        D        E       F      G
               +--------+--------+--------+--------+--------+-----+--------+
         Total |   1770 |   1751 |     19 |      0 |   1472 |   2 |  885.0 |
       Dungeon |   1770 |   1751 |     19 |      0 |   1472 |   2 |  885.0 |
               +--------+--------+--------+--------+--------+-----+--------+

Top non-repeatable levels by time:
     D:1: 1351 daAuts
     D:2: 419 daAuts
